 Dungeon Crawl Stone Soup version 0.19.5 (webtiles) character file.

184 ipe369 the Ruffian (level 5, 0/42 HPs)
             Began as a Draconian Transmuter on Apr 28, 2017.
             Was an Initiate of Okawaru.
             Slain by a scorpion (5 damage)
             ... on level 4 of the Dungeon.
             The game lasted 00:37:04 (3173 turns).

ipe369 the Ruffian (Draconian Transmuter)           Turns: 3173, Time: 00:37:05

Health: 0/42       AC:  5    Str: 13    XL:     5   Next: 36%
Magic:  9/9        EV: 12    Int: 14    God:    Okawaru [......]
Gold:   167        SH:  5    Dex: 11    Spells: 3 memorised, 3 levels left

rFire  . . .     SeeInvis +     L - +2 whip (holy)
rCold  . . .     Gourm    .     (armour unavailable)
rNeg   . . .     Faith    .     (no shield)
rPois  .         Spirit   .     (helmet restricted)
rElec  .         Reflect  +     (no cloak)
rCorr  .         Harm     .     (no gloves)
MR     .....                    (no boots)
Stlth  +.........               z - +5 amulet of reflection {THIS MA AMULET}
                                (no ring)
                                n - ring of see invisible

@: lethally poisoned (0 -> -8), drained
A: unfitting armour, cold-blooded, AC +5
a: Renounce Religion


You were on level 4 of the Dungeon.
You worshipped Okawaru.
Okawaru was noncommittal.
You were very full.

You visited 1 branch of the dungeon, and saw 4 of its levels.

You collected 167 gold pieces.

Inventory:

Hand Weapons
 c - a +2 dagger of venom
 f - a +0 hand axe
 k - a +0 club
 m - a +0 whip
 q - a +0 falchion
 t - a +0 dagger
 v - a +0 dagger
 y - a +2 dagger of electrocution
 C - a +0 hunting sling
 I - a +0 mace
 K - a +0 flail
 L - a +2 whip of holy wrath (weapon)
 M - a cursed -1 rapier
Missiles
 a - 23 arrows
 g - 133 stones (quivered)
 o - 8 tomahawks
 H - 9 bolts
Armour
 d - a cursed +0 leather armour
 e - a +0 robe
Jewellery
 n - a ring of see invisible (left hand)
 z - a +5 amulet of reflection (around neck) {THIS MA AMULET}
Scrolls
 h - 2 scrolls of recharging {unknown}
 j - 3 scrolls of identify {unknown}
 l - 2 scrolls of magic mapping {unknown}
 p - a scroll of blinking
 r - a scroll of random uselessness {unknown}
 w - a scroll of noise {unknown}
 x - a scroll of fog {unknown}
 D - a scroll of teleportation {unknown}
 E - a scroll of fear {unknown}
 F - 3 scrolls of immolation {unknown}
Potions
 s - a potion of degeneration
 u - 2 potions of brilliance {unknown}
 A - a potion of might {unknown}
 B - a potion of curing {unknown}
 G - 2 potions of ambrosia {unknown}
 N - a potion of flight
Books
 b - a book of Changes

   Spells                             Type                      Level
   a - Beastly Appendage              Transmutation                1
   b - Sticks to Snakes               Transmutation                2
   c - Spider Form                    Transmutation/Poison         3
   d - Ice Form                       Ice/Transmutation            4
   e - Blade Hands                    Transmutation                5
Comestibles
 i - 2 beef jerkies
 J - a meat ration


   Skills:
 + Level 2.7(1.8) Fighting
 + Level 2.6(1.7) Dodging
 + Level 4.0(3.1) Unarmed Combat
 + Level 2.7(1.9) Spellcasting
 + Level 3.0(2.1) Transmutations


You had 3 spell levels left.
You knew the following spells:

 Your Spells              Type           Power        Failure   Level  Hunger
a - Beastly Appendage     Tmut           #.....       12%         1    ##.....
b - Sticks to Snakes      Tmut           #.......     17%         2    ###....
c - Spider Form           Tmut/Pois      #.........   47%         3    ####...


Dungeon Overview and Level Annotations

Branches:
Dungeon (4/15)
 Temple: D:4-7

Altars:
Nemelex Xobeh
Okawaru

Annotations:
D:4 Edmund


Innate Abilities, Weirdness & Mutations

Your plain brown scales are hard. (AC +5)
You cannot fit into any form of body armour.
You are cold-blooded and may be slowed by cold attacks.


Message History

You barely miss Edmund.
The orc shouts!
You tail-slap Edmund.
Edmund is lightly wounded.
The scorpion stings you.
You are poisoned.
The scorpion poisons you!
Edmund hits you with a dire flail of draining.
You feel drained. The scorpion closely misses you.
An orc wizard comes into view. It is wielding a dagger of holy wrath.
You hit Edmund but do no damage.
Edmund is lightly wounded.
You feel sick.
Edmund hits you with a dire flail of draining!
* * * LOW HITPOINT WARNING * * *
You feel drained.
* * * LOW HITPOINT WARNING * * *
The orc wizard gestures wildly while chanting.
The orc wizard seems to speed up.
The scorpion stings you.
You die...

### #.. #.# #.# .# #.#
#.#### #.# #.##..
.############[# #.##..
.....(Ss@.....# #.##..
.(....>@......# #.....
(....o........######.....
(..o##.###..#.........#..
### #...................
.................#..
###...##.########.#..
#... #.# #.#.. #... #.
#.#..


You could see Edmund, a scorpion, an orc wizard, an adder and an orc.

Vanquished Creatures
  2 worker ants (D:4)
  Ijyb (D:2)
  Terence (D:2)
  4 adders
  An ooze (D:1)
  A worm (D:2)
  2 leopard geckos
  5 orcs
  5 bats
  3 giant cockroaches
  9 goblins
  A hobgoblin (D:1)
  A quokka (D:3)
  4 frilled lizards
  2 kobolds
  6 rats
48 creatures vanquished.

Notes
Turn   | Place    | Note
-------+----------+-------------------------------------------
     0 | D:1      | ipe369 the Draconian Transmuter began the quest for the Orb.
     0 | D:1      | Reached XP level 1. HP: 16/16 MP: 3/3
   797 | D:1      | Reached XP level 2. HP: 23/23 MP: 5/5
   977 | D:1      | Learned a level 2 spell: Sticks to Snakes
  1310 | D:2      | Noticed Ijyb
  1328 | D:2      | Killed Ijyb
  1328 | D:2      | Reached XP level 3. HP: 16/29 MP: 6/6
  1624 | D:2      | Found a sparkling altar of Nemelex Xobeh.
  1799 | D:2      | Reached XP level 4. HP: 36/36 MP: 7/7
  2047 | D:2      | Learned a level 3 spell: Spider Form
  2077 | D:2      | Found an iron altar of Okawaru.
  2123 | D:2      | Became a worshipper of Warmaster Okawaru
  2209 | D:2      | Noticed Terence
  2218 | D:2      | Killed Terence
  2651 | D:4      | Reached XP level 5. HP: 17/42 MP: 7/9
  3086 | D:4      | Reached skill level 4 in Unarmed Combat
  3165 | D:4      | Noticed Edmund
  3173 | D:4      | Slain by a scorpion

Skill      XL: |  1  2  3  4  5 |
---------------+----------------+-----
Dodging        | 2 |  2.6
Fighting       | 2 |  2.7
Unarmed Combat | 4 |  4.0
Transmutations | 3 |  3.0
Spellcasting   | |  2.7

Action                   |  1- 3 |  4- 6 || total
-------------------------+-------+-------++-------
Melee: Hand axe          |    45 |       ||    45
       Tailslap          |     6 |     8 ||    14
       Dagger            |    30 |    60 ||    90
       Punch             |     1 |     1 ||     2
       Unarmed           |       |     3 ||     3
       Whip              |       |     4 ||     4
Throw: Stone             |    45 |    47 ||    92
 Cast: Beastly Appendage |     2 |       ||     2
       Spider Form       |       |     2 ||     2
  Use: Potion            |     2 |     1 ||     3
       Scroll            |     1 |       ||     1
  Eat: Bread ration      |     2 |       ||     2
       Meat ration       |       |     1 ||     1
Armor: Skin              |    20 |    21 ||    41
Dodge: Dodged            |    65 |    33 ||    98
Block: Other             |       |    18 ||    18
